 Dungeon Crawl Stone Soup version 0.29.0-13-gc9e81de378 (console) character file.

Game seed: 8966850452889749959

6 odiv the Slasher (level 1, 0/13 HPs)
             Began as a Demonspawn Wanderer on Sept 10, 2022.
             Frozen to death by an endoplasm (5 damage)
             ... on level 1 of the Dungeon.
             The game lasted 00:00:28 (109 turns).

odiv the Slasher (Demonspawn Wanderer)               Turns: 109, Time: 00:00:29

Health: 0/13       AC:  3    Str: 12    XL:     1   Next: 75%
Magic:  0/3        EV: 11    Int: 13    God:
Gold:   0          SH:  0    Dex: 12    Spells: 3/4 levels left

rFire   . . .      SeeInvis .   a - +2 falchion
rCold   . . .      Faith    .   (no shield)
rNeg    . . .      Spirit   .   d - +0 robe
rPois   .          Reflect  .   (no helmet)
rElec   .          Harm     .   b - +0 cloak
rCorr   .          Rampage  .   (no gloves)
Will    .....                   (no boots)
Stlth   ++........              (no amulet)
HPRegen 0.04/turn               (no ring)
MPRegen 0.08/turn               (no ring)

@: no status effects
A: no striking features
a: no special abilities


You were on level 1 of the Dungeon.
You visited 1 branch of the dungeon, and saw 1 of its levels.

Inventory:

Hand Weapons
 a - a +2 falchion (weapon)
Armour
 b - a +0 cloak (worn)
 d - a +0 robe (worn)
Scrolls
 c - a scroll of butterflies


   Skills:
 - Level 3.6 Long Blades
 - Level 1.7 Stealth
 - Level 2.0 Spellcasting
 + Level 2.9 Necromancy


You had 3 spell levels left.
You knew the following spells:

 Your Spells              Type           Power      Damage    Failure   Level
a - Necrotise             Necr           32%        1d5       8%          1

Your spell library contained the following spells:

 Spells                   Type           Power      Damage    Failure   Level
 Vampiric Draining        Necr           8%         2d6       24%         3


Dungeon Overview and Level Annotations

Branches:
Dungeon (1/15)

Altars:


Message History

You kill the rat!
The dead are walking!
You swap places.
A hobgoblin and an endoplasm come into view.
Found a stone staircase leading down.
The endoplasm quivers.
The endoplasm hits you.
The hobgoblin shouts!
The endoplasm freezes you.
You are frozen.
The hobgoblin hits you but does no damage.
You barely miss the hobgoblin.
Your rat skeleton crumbles into dust!
The endoplasm closely misses you. The hobgoblin hits you.
The endoplasm closely misses you. The hobgoblin closely misses you.
Casting: Necrotise (safe; 8% risk of failure)
Confirm with . or Enter, or press ? or * to list all spells.
Aiming: Necrotise (safe; 8% risk of failure)
Press: ? - help, Shift-Dir - straight line, f - hobgoblin
Aim: a hobgoblin (chance to affect: 75%)
The hobgoblin struggles to resist.
The hobgoblin closely misses you. The endoplasm hits you.
Casting: Necrotise (safe; 8% risk of failure)
Confirm with . or Enter, or press ? or * to list all spells.
Aiming: Necrotise (safe; 8% risk of failure)
Press: ? - help, Shift-Dir - straight line, f/p - hobgoblin
Aim: a hobgoblin (chance to affect: 75%)
The hobgoblin writhes in agony.
The hobgoblin hits you. The endoplasm closely misses you.
Casting: Necrotise (safe; 8% risk of failure)
Confirm with . or Enter, or press ? or * to list all spells.
Aiming: Necrotise (safe; 8% risk of failure)
Press: ? - help, Shift-Dir - straight line, f/p - hobgoblin
Aim: a hobgoblin (severely wounded, chance to affect: 75%)
The hobgoblin writhes in agony.
You kill the hobgoblin!
The dead are walking!
The endoplasm freezes you.
You are frozen.
You die...

#######
#.....#
#.....#
+.....+
#.@...# ######
#.JZ..##......
#...........>.
######.#.###.
#......# .
#.###### #.#
#.#######.#
#.........#


You could see an endoplasm (ally target) and a friendly hobgoblin skeleton.

Vanquished Creatures
  3 endoplasms (D:1)
  A giant cockroach (D:1)
  A hobgoblin (D:1)
  A rat (D:1)
6 creatures vanquished.

Notes
Turn   | Place    | Note
-------+----------+-------------------------------------------
     0 | D:1      | odiv the Demonspawn Wanderer began the quest for the Orb.
     0 | D:1      | odiv set off with the following items: a +2 falchion, a +0
                  | cloak, a scroll of butterflies, a +0 robe; and the
                  | following spell memorised: Necrotise; and the following
                  | spells available to memorise: Vampiric Draining.
     0 | D:1      | Reached XP level 1. HP: 13/13 MP: 3/3
   109 | D:1      | Frozen to death by an endoplasm

Illustrated notes

Levels and vault maps discovered:
D:1:      dpeg_arrival_rooms_c, layout_basic,
          shapermc_ecumenical_altar_rom_forum

Action                   || total
-------------------------++-------
Melee: Falchion          ||     9
 Cast: Necrotise         ||     6
Armor: Robe              ||     3
Dodge: Dodged            ||     9
